[Event "Saturday 06 January Rapid Engine Tour 12+1 Rounds 9 Starts 1600 ST"]
[Site "Infinity Chess"]
[Date "2018.1.6"]
[Round "1"]
[White "Deep_Impact"]
[Black "Prometheus"]
[Result "1/2-1/2"]
[ECO "A15"]
[WhiteElo "2492"]
[BlackElo "2437"]
[WhiteEngine "BrainFish_171226_x64_modern"]
[BlackEngine "Eman 1.58-64bit-IDeA"]
[EventType "Swiss"]
[WhiteTeam ""]
[BlackTeam ""]
[PlyCount "218"]
[TimeControl "720+1"]

1. c4 Nf6 2. d4 e6 3. Nf3 d5 4. Nc3 c6 5. Bg5 dxc4 6. e4 b5 7. e5 h6 8. Bh4 g5 
9. Nxg5 hxg5 10. Bxg5 Nbd7 11. exf6 Bb7 12. g3 c5 13. d5 Nxf6 14. Bg2 Bh6 
15. Bxf6 Qxf6 16. O-O Rd8 17. Qe2 O-O 18. d6 Bxg2 19. Kxg2 Bg7 20. Rad1 Qe5 
21. Qc2 a6 22. a4 Rb8 23. Rfe1 Qf5 24. Qxf5 exf5 25. axb5 axb5 26. Rd5 Rfd8 
27. Rxc5 Rxd6 28. Rxb5 Rxb5 29. Nxb5 Rd2 30. Na3 Bd4 31. Rf1 c3 32. bxc3 Bc5 
33. Nb5 Kh7 34. Nd4 Bxd4 35. cxd4 Rxd4 36. Kf3 Rd3+ 37. Kf4 Kg6 38. Rc1 Rd2 
39. Rc6+ f6 40. Kf3 Ra2 41. h3 Ra3+ 42. Kg2 Ra2 43. Rc7 Ra8 44. Rc4 Ra3 
45. Rc5 Ra4 46. Rb5 Ra8 47. Rd5 Ra3 48. Rd4 Kg7 49. Rd1 Kg6 50. Rd5 Rc3 
51. Rd6 Kg5 52. Ra6 Kg6 53. Ra7 Rb3 54. Ra2 Rb4 55. Ra5 Rb6 56. Ra8 Rb4 
57. Rg8+ Kf7 58. Rc8 Kg6 59. Rh8 Ra4 60. Rc8 Rb4 61. Rd8 Ra4 62. Rd3 Re4 
63. Kf3 Ra4 64. Rb3 Ra8 65. Rb7 Ra3+ 66. Kg2 Rd3 67. Rb8 Rd2 68. Kf3 Ra2 
69. Rb4 Rc2 70. Kg2 Rc5 71. Rb7 Rc3 72. Rb5 Rc2 73. Kf3 Rc3+ 74. Kg2 Rc4 
75. Rb1 Rc3 76. Ra1 Kg5 77. Ra7 Rc2 78. Kf3 Kg6 79. Ra4 Rc5 80. Kf4 Re5 
81. Rc4 Kg7 82. Rc6 Kg6 83. Kf3 Ra5 84. Rc4 Kg5 85. Rc3 Kg6 86. Rb3 Ra2 
87. Rb4 Ra3+ 88. Kf4 Ra2 89. f3 Ra1 90. Rd4 Ra3 91. h4 Rb3 92. Rc4 Rd3 
93. g4 fxg4 94. fxg4 Rd1 95. h5+ Kg7 96. Rc7+ Kh6 97. Rf7 Rf1+ 98. Ke3 Re1+ 
99. Kf2 Re6 100. Kg3 Rd6 101. Rf8 Kg7 102. Rc8 f5 103. g5 Rd4 104. g6 Rg4+ 
105. Kf2 Rh4 106. h6+ Rxh6 107. Rc7+ Kxg6 108. Rc6+ Kh5 109. Rxh6+ Kxh6 1/2-1/2

[Event "Saturday 06 January Rapid Engine Tour 12+1 Rounds 9 Starts 1600 ST"]
[Site "Infinity Chess"]
[Date "2018.1.6"]
[Round "1"]
[White "RonWeasley"]
[Black "Susanne"]
[Result "1/2-1/2 "]
[ECO "A00"]
[WhiteElo "2437"]
[BlackElo "2496"]
[WhiteEngine "BrainFish 261217_CTG"]
[BlackEngine "BrainFish_171226_x64_bmi2_CTG"]
[EventType "Swiss"]
[WhiteTeam ""]
[BlackTeam ""]
[PlyCount "173"]
[TimeControl "720+1"]

1. a3 d5 2. e3 Nf6 3. d4 Bf5 4. c4 e6 5. Nd2 c6 6. Ngf3 h6 7. Qb3 Qb6 
8. Qc3 Nbd7 9. b3 Be7 10. Bd3 O-O 11. O-O Rac8 12. Bb2 Ne4 13. Qc2 Nxd2 
14. Nxd2 Bxd3 15. Qxd3 c5 16. cxd5 exd5 17. Rab1 Rfd8 18. Rfc1 Qe6 19. h3 b6 
20. Rc2 Nb8 21. Nf3 Nc6 22. Rd1 a5 23. Qb5 Rb8 24. Rcd2 Rdc8 25. Re2 Ra8 
26. Rde1 Na7 27. Qa6 Bf8 28. e4 dxe4 29. dxc5 Rxc5 30. Qb7 Qc6 31. Qxc6 Nxc6 
32. Rxe4 f6 33. Kf1 Rb5 34. R1e3 Rd5 35. Re8 Rxe8 36. Rxe8 Kf7 37. Rc8 Nd8 
38. Ke2 Ne6 39. Bc1 Be7 40. Rc6 b5 41. Rb6 g5 42. Rb7 Ke8 43. Rb8+ Kf7 
44. Rb7 f5 45. g4 fxg4 46. hxg4 h5 47. gxh5 g4 48. Nh2 Nd4+ 49. Ke3 Nxb3 
50. Bb2 g3 51. fxg3 Rd2 52. Be5 Rxh2 53. Bd6 Ke6 54. Bxe7 Rxh5 55. g4 Rh3+ 
56. Kf4 Nd2 57. Bd8 Rf3+ 58. Kg5 Ne4+ 59. Kg6 Nd6 60. Re7+ Kd5 61. Bxa5 Rxa3 
62. Be1 Ra4 63. g5 b4 64. Bxb4 Rxb4 65. Ra7 Ke6 66. Kh5 Rb5 67. Ra6 Kd7 
68. Kg4 Nf7 69. Ra7+ Ke8 70. Ra8+ Ke7 71. Ra7+ Kf8 72. g6 Ne5+ 73. Kf4 Nxg6+ 
74. Ke3 Rb4 75. Rh7 Ra4 76. Rb7 Ke8 77. Kf3 Ne5+ 78. Ke2 Kf8 79. Rb1 Ke8 
80. Kf1 Nd3 81. Rb5 Kf7 82. Rb1 Nf4 83. Rb7+ Ke6 84. Kf2 Nd5 85. Rb1 Nc3 
86. Re1+ Kd5 87. Kf3 1/2-1/2

[Event "Saturday 06 January Rapid Engine Tour 12+1 Rounds 9 Starts 1600 ST"]
[Site "Infinity Chess"]
[Date "2018.1.6"]
[Round "1"]
[White "Harry_Potter"]
[Black "KhalidOmar"]
[Result "1/2-1/2"]
[ECO "C77"]
[WhiteElo "2506"]
[BlackElo "2440"]
[WhiteEngine "stockfish_18010422_x64_bmi2_CTG"]
[BlackEngine "Eman 1.60 64-bit BMI2"]
[EventType "Swiss"]
[WhiteTeam ""]
[BlackTeam ""]
[PlyCount "55"]
[TimeControl "720+1"]

1. e4 e5 2. Nf3 Nc6 3. Bb5 a6 4. Ba4 Nf6 5. d3 Bc5 6. O-O b5 7. Bb3 d6 8. c3 h6 
9. a4 Bd7 10. Bc2 O-O 11. h3 Ba7 12. Re1 Re8 13. Nbd2 b4 14. Nf1 a5 15. d4 bxc3 
16. bxc3 exd4 17. cxd4 Nb4 18. Ng3 c5 19. d5 c4 20. Be3 Bxe3 21. Rxe3 Rc8 
22. Raa3 Qb6 23. Rec3 h5 24. Qd2 Qd8 25. Re3 Qb6 26. Rec3 Qd8 27. Re3 Qb6 
28. Rec3 1/2-1/2

[Event "Saturday 06 January Rapid Engine Tour 12+1 Rounds 9 Starts 1600 ST"]
[Site "Infinity Chess"]
[Date "2018.1.6"]
[Round "1"]
[White "Tiger"]
[Black "THE_MACHINE"]
[Result "1/2-1/2"]
[ECO "C50"]
[WhiteElo "2441"]
[BlackElo "2507"]
[WhiteEngine "BrainFish_171111_x64_bmi2"]
[BlackEngine "BrainFish_171226_x64_bmi2"]
[EventType "Swiss"]
[WhiteTeam ""]
[BlackTeam ""]
[PlyCount "120"]
[TimeControl "720+1"]

1. e4 e5 2. Nf3 Nc6 3. Bc4 Bc5 4. O-O Nf6 5. d3 d6 6. c3 O-O 7. h3 a5 8. Re1 h6 
9. a4 Ba7 10. Na3 Be6 11. Bd2 Qd7 12. Bxe6 fxe6 13. Be3 Bxe3 14. Rxe3 Rf7 
15. Nc2 Rff8 16. Rc1 Qf7 17. Nce1 Rae8 18. Nd2 Rb8 19. Rf3 b6 20. Rg3 Rbd8 
21. Re3 Nd7 22. Rf3 Nf6 23. Re3 d5 24. Qc2 Nh5 25. Ndf3 Rd6 26. g3 d4 
27. Re2 Qg6 28. Nh4 Qf7 29. Nhf3 Qg6 30. Kh2 Rd7 31. Rd2 Rdf7 32. Kg2 Nf4+ 
33. Kh2 Nh5 34. Kg2 dxc3 35. bxc3 Nb8 36. Nxe5 Rxf2+ 37. Rxf2 Qxg3+ 
38. Kf1 Qxh3+ 39. Kg1 Qg3+ 40. Ng2 Rxf2 41. Qxf2 Qxe5 42. d4 Qxe4 43. Rf1 Nf6 
44. Qg3 Nbd7 45. Qxc7 Qd3 46. Qc6 Kh7 47. Re1 e5 48. dxe5 Ng4 49. Qe4+ Qxe4 
50. Rxe4 Ngxe5 51. Nf4 g5 52. Nd3 Nxd3 53. Re7+ Kg6 54. Rxd7 Nc5 55. Rd6+ Kf5 
56. Rxb6 Nxa4 57. Rxh6 Nxc3 58. Rc6 Ne4 59. Rc1 Nd6 60. Ra1 Ne4 1/2-1/2

[Event "Saturday 06 January Rapid Engine Tour 12+1 Rounds 9 Starts 1600 ST"]
[Site "Infinity Chess"]
[Date "2018.1.6"]
[Round "1"]
[White "Gilgamesch"]
[Black "Klaus"]
[Result "1/2-1/2"]
[ECO "C50"]
[WhiteElo "2534"]
[BlackElo "2442"]
[WhiteEngine "BrainFish_171005_x64_bmi2"]
[BlackEngine "asmFishW_2017-11-19_bmi2"]
[EventType "Swiss"]
[WhiteTeam ""]
[BlackTeam ""]
[PlyCount "103"]
[TimeControl "720+1"]

1. e4 e5 2. Nf3 Nc6 3. Bc4 Bc5 4. O-O Nf6 5. d3 d6 6. c3 a5 7. Re1 O-O 
8. Bb3 Be6 9. Bg5 Bxb3 10. axb3 h6 11. Bh4 g5 12. Bg3 Qd7 13. Nbd2 b5 
14. Qe2 Rab8 15. Nf1 Ne8 16. Rad1 Ng7 17. b4 axb4 18. d4 exd4 19. cxd4 Bb6 
20. Ne3 Ne7 21. e5 f5 22. exf6 Rxf6 23. Qd3 Re8 24. Qb3+ Kh8 25. Qxb4 Rf7 
26. h3 Ngf5 27. Qb3 Rff8 28. Kh2 Nxe3 29. fxe3 Nf5 30. e4 Nxg3 31. Kxg3 g4 
32. Nh4 Rg8 33. Kh2 gxh3 34. Qxh3 Qg4 35. Nf5 Qxh3+ 36. Kxh3 Rg5 37. Nh4 h5 
38. e5 Rg4 39. exd6 Rxe1 40. Rxe1 cxd6 41. Re6 Rxd4 42. Nf5 Rb4 43. Rxd6 Bc5 
44. Rd5 Bg1 45. Nd6 Rxb2 46. Rxh5+ Kg8 47. g3 Rh2+ 48. Kg4 Rxh5 49. Kxh5 b4 
50. Kg5 b3 51. Nc4 b2 52. Nxb2 1/2-1/2

[Event "Saturday 13 January Rapid Engine Tour 12+1 Rounds 9 Starts 1600 ST"]
[Site "Infinity Chess"]
[Date "2018.1.13"]
[Round "9"]
[White "Thor"]
[Black "OlivierEvan"]
[Result "1/2-1/2"]
[ECO "B12"]
[WhiteElo "2469"]
[BlackElo "2385"]
[WhiteEngine "asmFishW_2017-11-19_bmi2"]
[BlackEngine "Houdini 6"]
[EventType "Swiss"]
[WhiteTeam ""]
[BlackTeam ""]
[PlyCount "116"]
[TimeControl "720+1"]

1. e4 c6 2. d4 d5 3. e5 Bf5 4. Nf3 e6 5. Be2 Nd7 6. O-O h6 7. a4 Ne7 8. a5 g5 
9. a6 b6 10. Ne1 Qc7 11. Bh5 Bg7 12. f4 gxf4 13. c3 O-O 14. Bxf4 c5 15. Na3 Qc6 
16. Qd2 Kh7 17. Rf3 b5 18. Rg3 Ng6 19. Nac2 Nxf4 20. Qxf4 f6 21. Qh4 Kh8 
22. Ne3 fxe5 23. dxe5 Nxe5 24. Rxg7 Kxg7 25. Qg3+ Ng6 26. Nf3 Rf6 27. Nh4 c4 
28. Nexf5+ exf5 29. Nxg6 Rxg6 30. Bxg6 Qb6+ 31. Kf1 f4 32. Qxf4 Kxg6 
33. Qg3+ Kh7 34. Qf2 Qxf2+ 35. Kxf2 Kg6 36. Ke3 Re8+ 37. Kd4 Re2 38. Rb1 Rd2+ 
39. Kc5 Kf5 40. g4+ Kxg4 41. Kc6 Rxh2 42. Kb7 b4 43. cxb4 Rh3 44. Kxa7 Rb3 
45. Kb6 Rxb4+ 46. Ka5 Rb8 47. a7 Ra8 48. Rg1+ Kf3 49. Kb6 d4 50. Kb7 Rh8 
51. Rh1 d3 52. Rh2 Rd8 53. a8=Q Rxa8 54. Kxa8 Ke3 55. Rxh6 d2 56. Rd6 Ke2 
57. Re6+ Kd3 58. Rd6+ Ke2 1/2-1/2

[Event "Saturday 13 January Rapid Engine Tour 12+1 Rounds 9 Starts 1600 ST"]
[Site "Infinity Chess"]
[Date "2018.1.13"]
[Round "9"]
[White "IronMan"]
[Black "Satria_Ungu"]
[Result "0-1"]
[ECO "A40"]
[WhiteElo "2391"]
[BlackElo "2397"]
[WhiteEngine "Stockfish SL FA PB BMI2"]
[BlackEngine "Houdini 6_CTG"]
[EventType "Swiss"]
[WhiteTeam ""]
[BlackTeam ""]
[PlyCount "104"]
[TimeControl "720+1"]

1. d4 c6 2. Nc3 d5 3. e4 dxe4 4. Nxe4 Bf5 5. Ng3 Bg6 6. Nh3 Nf6 7. Nf4 Nbd7 
8. Bc4 Qc7 9. O-O e6 10. c3 Bd6 11. Qf3 O-O 12. Nxg6 hxg6 13. Bb3 a5 14. a4 Rae8 
15. Rd1 e5 16. Qd3 Kh8 17. Bd2 e4 18. Qe2 Nd5 19. Qg4 N7f6 20. Qh4+ Kg8 
21. Nf1 Nf4 22. Re1 Re7 23. Bc2 Rfe8 24. Rad1 b5 25. Rb1 Qb8 26. Bd1 Rb7 
27. Bc2 bxa4 28. Bxa4 Rc8 29. Bxf4 Bxf4 30. c4 Rd8 31. Rbd1 Rxb2 32. Bxc6 a4 
33. Bxa4 g5 34. Qh3 Qb4 35. Ra1 Qxc4 36. Ne3 Qc3 37. Rad1 Ra8 38. Rc1 Qa5 
39. Rc8+ Ne8 40. Rf1 Qxa4 41. Nd5 Rxc8 42. Qxc8 Bd6 43. Rc1 Bf8 44. Qd8 Rd2 
45. Ne3 Nf6 46. h3 Rxd4 47. Qb8 Rd2 48. Qc7 Qa2 49. Qg3 Qa3 50. Rc8 Qa1+ 
51. Kh2 Qa6 52. Rb8 Nd7 0-1

[Event "Saturday 13 January Rapid Engine Tour 12+1 Rounds 9 Starts 1600 ST"]
[Site "Infinity Chess"]
[Date "2018.1.13"]
[Round "9"]
[White "miguello"]
[Black "hafaba"]
[Result "1/2-1/2"]
[ECO "A41"]
[WhiteElo "2415"]
[BlackElo "2380"]
[WhiteEngine "asmFishW_2017-11-19_popcnt_CTG"]
[BlackEngine "Stockfish SL 07012018 POPCNT_CTG"]
[EventType "Swiss"]
[WhiteTeam ""]
[BlackTeam ""]
[PlyCount "101"]
[TimeControl "720+1"]

1. d4 d6 2. e4 Nf6 3. Nc3 Nbd7 4. Nf3 e5 5. Bc4 Be7 6. O-O O-O 7. Re1 exd4 
8. Nxd4 Ne5 9. Bf1 Re8 10. h3 Ng6 11. g3 Bd7 12. a4 Qc8 13. Kh2 c6 14. Bg2 Bd8 
15. f4 Bc7 16. Qd3 h5 17. Bd2 Qd8 18. Re2 Qc8 19. Rae1 Rd8 20. b4 a5 21. b5 Bb6 
22. Nf5 Bc5 23. bxc6 bxc6 24. Be3 Bxe3 25. Nxd6 Qb8 26. Qxe3 Qxd6 27. e5 Qe7 
28. exf6 Qxe3 29. Rxe3 gxf6 30. Bf3 h4 31. Ne4 Kg7 32. gxh4 Be6 33. h5 Nxf4 
34. Rg1+ Kh6 35. Nxf6 Nxh3 36. Ng4+ Bxg4 37. Rxg4 Ng5 38. Rc4 Nxf3+ 39. Rxf3 Rd5 
40. Rxc6+ Kxh5 41. Rxf7 Rg8 42. Rh7+ Kg4 43. Rf7 Rf5 44. Rc4+ Kg5 45. Rxf5+ Kxf5 
46. Rc5+ Ke4 47. Rh5 Kd4 48. Rxa5 Rc8 49. c3+ Kxc3 50. Rb5 Rg8 51. Rc5+ 1/2-1/2

[Event "Saturday 13 January Rapid Engine Tour 12+1 Rounds 9 Starts 1600 ST"]
[Site "Infinity Chess"]
[Date "2018.1.13"]
[Round "9"]
[White "SkyPilot"]
[Black "KillBill2017"]
[Result "1-0"]
[ECO "B90"]
[WhiteElo "2416"]
[BlackElo "2378"]
[WhiteEngine "stockfish_x64_bmi2_2018_01_01_CTG"]
[BlackEngine "asmFishW_2018-01-12_popcnt_CTG"]
[EventType "Swiss"]
[WhiteTeam ""]
[BlackTeam ""]
[PlyCount "171"]
[TimeControl "720+1"]

1. e4 c5 2. Nf3 d6 3. d4 cxd4 4. Nxd4 Nf6 5. Nc3 a6 6. Be3 e5 7. Nb3 Be6 
8. f3 Be7 9. Qd2 O-O 10. O-O-O Nbd7 11. g4 b5 12. g5 Nh5 13. Kb1 Nb6 
14. Nd5 Nxd5 15. exd5 Bd7 16. Na5 Qc7 17. Rg1 g6 18. c4 bxc4 19. Nxc4 Bb5 
20. Nxe5 dxe5 21. d6 Qd7 22. dxe7 Qxe7 23. Qd6 Qxd6 24. Rxd6 f6 25. Bxb5 axb5 
26. Rd5 Rab8 27. gxf6 Nxf6 28. Rxe5 Nd7 29. Re7 Rxf3 30. Bh6 Nf6 31. Rg7+ Kh8 
32. Ra7 Kg8 33. a3 Ne8 34. Rd1 Rf7 35. Rxf7 Kxf7 36. Rd7+ Ke6 37. Rxh7 Nf6 
38. Rg7 Kf5 39. Rf7 Ke6 40. Bf4 Rb6 41. Rf8 b4 42. Bg5 Ne4 43. Be3 Rb7 
44. Re8+ Kd5 45. Rd8+ Kc6 46. axb4 Rxb4 47. Rg8 g5 48. Bxg5 Nxg5 49. Rxg5 Rh4 
50. Rg2 Rh3 51. Kc1 Kb5 52. Kd1 Kc5 53. Ke1 Kd6 54. Rd2+ Kc5 55. Kf1 Rh8 
56. Kg1 Kc4 57. Kg2 Rg8+ 58. Kh1 Rh8 59. Rg2 Kd5 60. b4 Rh5 61. Rg4 Ke6 
62. Kg2 Kf5 63. Kg3 Ke5 64. h4 Kf6 65. Rg5 Rh7 66. Rc5 Ke6 67. h5 Kd6 
68. Rg5 Ke7 69. b5 Rh6 70. Rf5 Rd6 71. Kg4 Ke6 72. h6 Rd1 73. Rh5 Rd4+ 
74. Kg5 Kf7 75. h7 Rd5+ 76. Kg4 Rd4+ 77. Kf3 Rd3+ 78. Ke4 Rd1 79. h8=Q Re1+ 
80. Kd3 Rd1+ 81. Ke2 Rd2+ 82. Kxd2 Kg6 83. Qh7+ Kf6 84. Qf5+ Kg7 85. Rh7+ Kg8 
86. Qf7# 1-0

[Event "Saturday 13 January Rapid Engine Tour 12+1 Rounds 9 Starts 1600 ST"]
[Site "Infinity Chess"]
[Date "2018.1.13"]
[Round "9"]
[White "Dovahkiin"]
[Black "NINJA_JENGKA"]
[Result "1/2-1/2"]
[ECO "A40"]
[WhiteElo "2428"]
[BlackElo "2417"]
[WhiteEngine "BrainFish_180106_x64_modern_CTG"]
[BlackEngine "Houdini 6_CTG"]
[EventType "Swiss"]
[WhiteTeam ""]
[BlackTeam ""]
[PlyCount "88"]
[TimeControl "720+1"]

1. d4 c6 2. Bf4 Qb6 3. Nf3 Nf6 4. Qc1 d6 5. Nbd2 c5 6. c3 cxd4 7. cxd4 Nc6 
8. e4 Nxd4 9. Nxd4 Qxd4 10. Bb5+ Bd7 11. Bxd7+ Nxd7 12. O-O g6 13. Qc7 Bg7 
14. Qxb7 Rb8 15. Qc7 Qb6 16. Rfc1 Rd8 17. Rc2 Qxc7 18. Rxc7 Bxb2 19. Rb1 Bd4 
20. Be3 Bxe3 21. fxe3 O-O 22. Rbb7 Nc5 23. Rxa7 Rfe8 24. h4 Kf8 25. Nc4 Ne6 
26. Rcb7 Rb8 27. e5 Rxb7 28. Rxb7 dxe5 29. Nxe5 Ra8 30. Rb8+ Rxb8 31. Nd7+ Kg7 
32. Nxb8 Nc5 33. Nc6 Kf6 34. g4 g5 35. Kg2 e6 36. h5 e5 37. Kf3 e4+ 38. Ke2 Ke6 
39. Nd4+ Kd5 40. Nf5 f6 41. Ne7+ Ke6 42. Nf5 Kd5 43. Ne7+ Ke6 44. Nf5 Kd5 
1/2-1/2

[Event "Saturday 13 January Rapid Engine Tour 12+1 Rounds 9 Starts 1600 ST"]
[Site "Infinity Chess"]
[Date "2018.1.13"]
[Round "9"]
[White "Cepri"]
[Black "KULLANI"]
[Result "1/2-1/2"]
[ECO "C50"]
[WhiteElo "2439"]
[BlackElo "2434"]
[WhiteEngine "asmFishW_12J18Mb_CTG"]
[BlackEngine "BrainFish_180106_x64_CTG"]
[EventType "Swiss"]
[WhiteTeam ""]
[BlackTeam ""]
[PlyCount "83"]
[TimeControl "720+1"]

1. e4 e5 2. Nf3 Nc6 3. Bc4 Bc5 4. O-O Nf6 5. d3 d6 6. c3 a5 7. Bg5 Ba7 
8. Nbd2 h6 9. Bh4 g5 10. Bg3 O-O 11. Bb3 Be6 12. a4 Nd7 13. Bxe6 fxe6 
14. Qb3 Nc5 15. Qb5 g4 16. Nh4 Bb6 17. Qc4 Qd7 18. d4 exd4 19. cxd4 Na6 
20. Nb3 Rae8 21. Rad1 Nab4 22. Ng6 Rf7 23. Nc5 Bxc5 24. dxc5 Kh7 25. Nh4 d5 
26. Qe2 Rg8 27. exd5 exd5 28. f3 Re8 29. Qd2 Ref8 30. fxg4 Rxf1+ 31. Rxf1 Rxf1+ 
32. Kxf1 Qxg4 33. Nf3 Qc4+ 34. Qe2 Nd3 35. b3 Qxb3 36. Qe6 Qb1+ 37. Ne1 Nxe1 
38. Qf7+ Kh8 39. Qf8+ Kh7 40. Qf7+ Kh8 41. Qf8+ Kh7 42. Qf7+ 1/2-1/2

[Event "Saturday 13 January Rapid Engine Tour 12+1 Rounds 9 Starts 1600 ST"]
[Site "Infinity Chess"]
[Date "2018.1.13"]
[Round "9"]
[White "ocirema"]
[Black "Vimtiroba"]
[Result "1/2-1/2"]
[ECO "C50"]
[WhiteElo "2417"]
[BlackElo "2464"]
[WhiteEngine "stockfish_18010422_x64_modern_CTG"]
[BlackEngine "SF@130118_CTG"]
[EventType "Swiss"]
[WhiteTeam ""]
[BlackTeam ""]
[PlyCount "102"]
[TimeControl "720+1"]

1. e4 e5 2. Nf3 Nc6 3. Bc4 Bc5 4. O-O Nf6 5. d3 d6 6. c3 a5 7. Re1 O-O 8. Bg5 h6 
9. Bh4 Ba7 10. Nbd2 g5 11. Bg3 Nh7 12. h3 g4 13. hxg4 Bxg4 14. Bd5 Ng5 
15. Qc2 Qf6 16. Nh4 Ne7 17. d4 exd4 18. e5 dxe5 19. Bxe5 Nh3+ 20. gxh3 Qxh4 
21. hxg4 Nxd5 22. Qf5 Ne7 23. Qf3 f5 24. gxf5 Rxf5 25. Bg3 Rxf3 26. Bxh4 Rf4 
27. Bxe7 dxc3 28. Ne4 cxb2 29. Rab1 Re8 30. Rxb2 Kf7 31. Rxb7 Rxe7 
32. Rxa7 Rexe4 33. Rxe4 Rxe4 34. Rxa5 Ke6 35. Rh5 Re1+ 36. Kg2 Re2 37. a4 Kd6 
38. Rh4 Ke6 39. Kf3 Ra2 40. Rxh6+ Kd5 41. a5 c5 42. a6 Ra3+ 43. Ke2 Ra2+ 
44. Ke3 Ra3+ 45. Kd2 c4 46. f3 c3+ 47. Kc2 Kc4 48. Rc6+ Kd5 49. Rxc3 Rxa6 
50. f4 Kd6 51. f5 Rc6 1/2-1/2

[Event "Saturday 13 January Rapid Engine Tour 12+1 Rounds 9 Starts 1600 ST"]
[Site "Infinity Chess"]
[Date "2018.1.13"]
[Round "9"]
[White "RonWeasley"]
[Black "THE_MACHINE"]
[Result "1/2-1/2"]
[ECO "C53"]
[WhiteElo "2441"]
[BlackElo "2478"]
[WhiteEngine "BrainFish 060118_CTG"]
[BlackEngine "Houdini 6"]
[EventType "Swiss"]
[WhiteTeam ""]
[BlackTeam ""]
[PlyCount "55"]
[TimeControl "720+1"]

1. e4 e5 2. Nf3 Nc6 3. Bc4 Bc5 4. c3 Nf6 5. d3 d6 6. Bb3 a5 7. O-O h6 8. Re1 O-O 
9. h3 Re8 10. a4 Bd7 11. Na3 Be6 12. Nc4 Qd7 13. Bd2 Ba7 14. Be3 Bxe3 
15. Nxe3 Bxb3 16. Qxb3 Rad8 17. Rad1 b6 18. Qc4 Ne7 19. g3 Qxh3 20. Qxc7 Ng6 
21. Qxb6 Nh5 22. Nf5 Ngf4 23. gxf4 Nxf4 24. N3h4 Qg4+ 25. Kf1 Qh3+ 26. Kg1 Qg4+ 
27. Kf1 Qh3+ 28. Kg1 1/2-1/2

[Event "Saturday 13 January Rapid Engine Tour 12+1 Rounds 9 Starts 1600 ST"]
[Site "Infinity Chess"]
[Date "2018.1.13"]
[Round "9"]
[White "Deep_Impact"]
[Black "Marsell"]
[Result "1/2-1/2"]
[ECO "D35"]
[WhiteElo "2489"]
[BlackElo "2479"]
[WhiteEngine "BrainFish_171226_x64_modern"]
[BlackEngine "asmFishW_2018-01-11_popcnt"]
[EventType "Swiss"]
[WhiteTeam ""]
[BlackTeam ""]
[PlyCount "134"]
[TimeControl "720+1"]

1. d4 d5 2. c4 e6 3. Nc3 Nf6 4. cxd5 exd5 5. Bg5 c6 6. e3 Be7 7. Bd3 O-O 
8. Bf4 Bg4 9. Qb3 b6 10. h3 Bh5 11. Rc1 c5 12. g4 c4 13. Qd1 cxd3 14. gxh5 Nc6 
15. h6 g6 16. Qxd3 Nh5 17. Bh2 Bg5 18. Nf3 Bxh6 19. Kf1 Qd7 20. Kg2 Rad8 
21. Rhg1 f5 22. Be5 Qe8 23. Ne2 f4 24. e4 Qe6 25. exd5 Qxd5 26. Qc4 Ne7 
27. Qxd5+ Nxd5 28. Rc6 Bg7 29. a3 Nhf6 30. Nxf4 Nxf4+ 31. Bxf4 Nd5 32. Bg3 Nf4+ 
33. Bxf4 Rxf4 34. Rd1 Rf5 35. Rc7 a5 36. Rd3 a4 37. Rb7 b5 38. Rc3 Rdf8 
39. b4 R8f7 40. Rc8+ Bf8 41. Rxf7 Kxf7 42. Rc7+ Be7 43. Ng1 Ke8 44. Ne2 Bh4 
45. f4 Rh5 46. Rc3 Kd7 47. Re3 Bf6 48. Kf2 Bd8 49. Rf3 g5 50. Kg3 gxf4+ 
51. Kxf4 Kc6 52. Kg3 Rd5 53. Kf2 Bg5 54. Rc3+ Kd6 55. Rc5 Rxc5 56. dxc5+ Kd5 
57. Kf3 h5 58. Nc3+ Kc6 59. Ke4 Bc1 60. Ne2 Bxa3 61. Nd4+ Kb7 62. Nxb5 Bxb4 
63. Kd5 a3 64. Nxa3 Bxa3 65. Kc4 Kc6 66. Kd4 h4 67. Kd3 Bc1 1/2-1/2

[Event "Saturday 13 January Rapid Engine Tour 12+1 Rounds 9 Starts 1600 ST"]
[Site "Infinity Chess"]
[Date "2018.1.13"]
[Round "9"]
[White "Susanne"]
[Black "aleks"]
[Result "1/2-1/2"]
[ECO "C55"]
[WhiteElo "2478"]
[BlackElo "2414"]
[WhiteEngine "asmFishW_10_bmi2_CTG"]
[BlackEngine "komodo-11.2.2-64bit_CTG"]
[EventType "Swiss"]
[WhiteTeam ""]
[BlackTeam ""]
[PlyCount "159"]
[TimeControl "720+1"]

1. e4 e5 2. Nf3 Nc6 3. Bc4 Nf6 4. d3 Bc5 5. c3 O-O 6. O-O d6 7. Nbd2 a5 
8. Re1 h6 9. h3 Be6 10. Bb5 Qb8 11. Nf1 Qa7 12. Be3 Bxe3 13. Nxe3 Ne7 14. a4 Ng6 
15. Bc4 Bxc4 16. Nxc4 Qa6 17. g3 Rfe8 18. Ne3 Qc6 19. Qb3 b6 20. Qc4 Qxc4 
21. Nxc4 Nf8 22. Red1 g6 23. Ne1 N8d7 24. Ne3 Kg7 25. f3 c6 26. Kf2 d5 
27. N1c2 Nc5 28. exd5 Nxd5 29. Nxd5 cxd5 30. d4 exd4 31. Nxd4 Re7 32. Nc6 Re6 
33. Nd4 Re7 34. Ra2 Rae8 35. b4 axb4 36. cxb4 Re1 37. Rdd2 Na6 38. b5 Nc5 
39. Ne2 Rb1 40. Rxd5 Ra8 41. Rad2 h5 42. h4 Rb3 43. Nd4 Ra3 44. Kg2 Nxa4 
45. Rd6 Re8 46. Kh2 Rc3 47. Kg2 Re7 48. Kf2 Rc5 49. Nc6 Rc7 50. Nd4 Rb7 
51. Rd3 Rc1 52. Rd8 Nc5 53. Re3 Rb1 54. g4 hxg4 55. fxg4 Rd7 56. Rxd7 Nxd7 
57. Re7 Nc5 58. Re8 Kf6 59. g5+ Kg7 60. Rb8 Rb4 61. Ke3 Nb3 62. Ne2 Rxh4 
63. Rxb6 Rg4 64. Rc6 Rxg5 65. Nc3 Rg3+ 66. Ke4 Rg4+ 67. Kd5 Rg5+ 68. Ke4 Rg4+ 
69. Kd5 Rd4+ 70. Ke5 Rb4 71. Kd5 f5 72. Rc4 Rxc4 73. Kxc4 Na5+ 74. Kc5 Kf7 
75. b6 f4 76. Kb5 Nb7 77. Kc6 Na5+ 78. Kb5 Nb7 79. Kc6 Na5+ 80. Kb5 1/2-1/2

[Event "Saturday 13 January Rapid Engine Tour 12+1 Rounds 9 Starts 1600 ST"]
[Site "Infinity Chess"]
[Date "2018.1.13"]
[Round "9"]
[White "fati64"]
[Black "MarioDeMonti"]
[Result "0-1 "]
[ECO "C77"]
[WhiteElo "2489"]
[BlackElo "2444"]
[WhiteEngine "BrainFish_180106_x64"]
[BlackEngine "stockfish_x64_bmi2_2018_01_01_CTG"]
[EventType "Swiss"]
[WhiteTeam ""]
[BlackTeam ""]
[PlyCount "48"]
[TimeControl "720+1"]

1. e4 e5 2. Nf3 Nc6 3. Bb5 a6 4. Ba4 Nf6 5. O-O Be7 6. Re1 b5 7. Bb3 O-O 
8. a4 b4 9. a5 d6 10. c3 bxc3 11. dxc3 Bd7 12. Nbd2 Qc8 13. Nf1 Nd8 14. Bc4 Ne6 
15. Ng3 g6 16. Qd3 Kg7 17. Be3 Ng4 18. Bd2 Nc5 19. Qe2 Be6 20. Bxe6 Nxe6 
21. b4 c5 22. Nh4 Bxh4 23. Qxg4 Bxg3 24. Qxg3 Rd8 0-1

[Event "Saturday 13 January Rapid Engine Tour 12+1 Rounds 9 Starts 1600 ST"]
[Site "Infinity Chess"]
[Date "2018.1.13"]
[Round "9"]
[White "angriff"]
[Black "CrossingJordan"]
[Result "1/2-1/2"]
[ECO "C50"]
[WhiteElo "2454"]
[BlackElo "2441"]
[WhiteEngine "SF_64BIT_POPCNT_CTG"]
[BlackEngine "asmFishW_2017-12-20_bmi2_CTG"]
[EventType "Swiss"]
[WhiteTeam ""]
[BlackTeam ""]
[PlyCount "102"]
[TimeControl "720+1"]

1. e4 e5 2. Nf3 Nc6 3. Bc4 Bc5 4. O-O Nf6 5. d3 d6 6. c3 a5 7. Re1 Ba7 
8. Nbd2 O-O 9. h3 Be6 10. Bb5 Ne7 11. d4 Ng6 12. Nf1 exd4 13. cxd4 d5 14. e5 Ne4 
15. Bd3 f6 16. exf6 Qxf6 17. Ng3 Nxf2 18. Kxf2 Nh4 19. Be3 c6 20. Kg1 Nxf3+ 
21. Qxf3 Qxf3 22. gxf3 Rxf3 23. Kg2 Raf8 24. Bg1 Bxh3+ 25. Kxh3 Rxd3 
26. Rad1 Rxd1 27. Rxd1 Rf6 28. Kg2 Bb8 29. Be3 Rg6 30. Bf2 Re6 31. a4 g5 
32. Rb1 Kf7 33. b4 axb4 34. Rxb4 Re7 35. Nf5 Rd7 36. a5 Kg6 37. Ne3 h5 
38. Rb3 Bf4 39. Rb6 g4 40. a6 bxa6 41. Rxc6+ Rd6 42. Rxd6+ Bxd6 43. Nxd5 Kg5 
44. Be3+ Kf5 45. Bd2 Ke4 46. Nf6+ Kxd4 47. Nxh5 Kd3 48. Nf6 Kxd2 49. Ne4+ Kc1 
50. Nxd6 a5 51. Kg3 Kb1 1/2-1/2

[Event "Saturday 13 January Rapid Engine Tour 12+1 Rounds 9 Starts 1600 ST"]
[Site "Infinity Chess"]
[Date "2018.1.13"]
[Round "9"]
[White "Gilgamesch"]
[Black "Neoxium"]
[Result "1/2-1/2"]
[ECO "B90"]
[WhiteElo "2491"]
[BlackElo "2465"]
[WhiteEngine "BrainFish_171005_x64_bmi2"]
[BlackEngine "SF SL FA-IDeA"]
[EventType "Swiss"]
[WhiteTeam ""]
[BlackTeam ""]
[PlyCount "79"]
[TimeControl "720+1"]

1. e4 c5 2. Nf3 d6 3. d4 cxd4 4. Nxd4 Nf6 5. Nc3 a6 6. Be3 e5 7. Nb3 Be7 
8. Be2 O-O 9. g4 Be6 10. g5 Nfd7 11. h4 a5 12. f4 exf4 13. Bxf4 a4 14. Nd4 a3 
15. b3 Nc6 16. Ndb5 Nb4 17. Qd2 Qa5 18. O-O Ne5 19. Na4 Bh3 20. Rf2 Bg4 
21. c4 Bxe2 22. Qxe2 f6 23. g6 f5 24. Be3 Nbd3 25. Bb6 Qb4 26. Nc7 d5 
27. gxh7+ Kh8 28. Nxd5 Qd6 29. Rxf5 Bxh4 30. Raf1 Qg6+ 31. Kh1 Rxf5 32. Rxf5 Qh6 
33. Kg1 Bg3 34. Bd4 Qh3 35. Qh5 Nf3+ 36. Qxf3 Bh2+ 37. Kh1 Bg3+ 38. Kg1 Bh2+ 
39. Kh1 Bg3+ 40. Kg1 1/2-1/2